AoeStats
← AlfredtGreat354

Lombardia

509726442Analyzed
4v4 RM · 6d ago on Sep 27, 2026· 83m 42s· 8 players
Game mode
Random Map
Map size
Large (8 player)
Population
200
Speed
Normal
Resources
Standard
Victory
Conquest
Starting age
Dark Age
Ending age
Imperial Age
RankedLock teamsTeams togetherTeam positionsShared explorationLock speedFull tech treeHidden civsTurbo modeCheats
Victory
Defeat
🇨🇱 Celts · Chile
715
+12
🇩🇪 Vietnamese · Germany
714
+12
🇷🇺 Franks · Russia
685
+13
🇦🇷 Teutons · Argentina
651
+14
🇬🇧 Mongols · United Kingdom
1005
-102
🇨🇳 Saxons · China
693
-15
🇬🇧 Celts · United Kingdom
386
-5
🇬🇧 Khmer · United Kingdom
386
-5
ZayaTruco
12:27 Feudal Age
14:57 Wheelbarrow
14:05 Horse Collar
14:56 Double-Bit Axe
17:24 Loom
19:18 Forging
19:08 Scale Mail Armor
20:34 Forging
20:24 Scale Mail Armor
22:28 Castle Age
23:33 Hand Cart
24:06 Iron Casting
24:50 Chain Mail Armor
26:19 Stone Mining
27:55 Gold Mining
31:04 Heavy Plow
32:51 Bow Saw
33:24 Stone Shaft Mining
35:48 Imperial Age
34:28 Caravan
35:02 Coinage
35:16 Squires
35:02 Arson
35:19 Gambesons
37:12 Elite Teutonic Knight
38:59 Conscription
41:12 Plate Mail Armor
41:53 Blast Furnace
42:04 Crop Rotation
49:14 Two-Man Saw
50:32 Loom
55:38 Siege Engineers
55:54 Ballistics
56:35 Chemistry
55:29 Fletching
56:19 Fortified Wall
58:29 Ironclad
57:49 Heavy Scorpion
58:31 Bodkin Arrow
58:37 Padded Archer Armor
63:55 Leather Archer Armor
nperezb
1:42 Loom
14:27 Feudal Age
21:17 Castle Age
18:55 Man-at-Arms
21:23 Long Swordsman
22:26 Double-Bit Axe
28:31 Arson
28:32 Gambesons
35:54 Imperial Age
33:21 Stronghold
34:29 Wheelbarrow
36:15 Hand Cart
35:47 Town Watch
37:04 Conscription
37:17 Cavalier
37:18 Light Cavalry
38:00 Husbandry
40:33 Caravan
45:11 Chemistry
44:07 Murder Holes
44:33 Ballistics
45:05 Furor Celtica
44:27 Paladin
47:05 Stone Mining
47:06 Gold Mining
47:57 Scale Barding Armor
48:03 Forging
49:45 Chain Barding Armor
50:04 Two-Handed Swordsman
51:35 Champion
51:38 Pikeman
55:03 Horse Collar
55:47 Heavy Plow
59:14 Bow Saw
59:54 Fortified Wall
61:02 Furor Celtica
67:59 Elite Woad Raider
68:25 Halberdier
69:15 Hussar
70:22 Onager
71:44 Town Patrol
76:01 Iron Casting
75:27 Scale Mail Armor
79:02 Town Patrol
ChrisTT
1:37 Loom
14:04 Feudal Age
14:47 Town Watch
15:38 Wheelbarrow
16:17 Double-Bit Axe
16:18 Horse Collar
22:06 Gold Mining
22:15 Stone Mining
29:22 Castle Age
27:42 Fletching
27:53 Padded Archer Armor
28:03 Forging
28:51 Bloodlines
30:42 Bow Saw
30:36 Heavy Plow
31:16 Stone Shaft Mining
30:03 Crossbowman
31:01 Hand Cart
30:49 Light Cavalry
31:30 Husbandry
31:28 Bodkin Arrow
31:49 Leather Archer Armor
32:19 Pikeman
32:59 Squires
32:45 Arson
34:49 Caravan
36:07 Elite Skirmisher
36:52 Thumb Ring
39:52 Ballistics
39:28 Murder Holes
39:44 Fortified Wall
44:19 Masonry
44:35 Chatras
47:09 Imperial Age
48:24 Crop Rotation
48:58 Two-Man Saw
47:23 Arbalester
47:47 Imperial Skirmisher
50:21 Paper Money
50:37 Hoardings
49:24 Elite Rattan Archer
52:09 Bracer
52:40 Ring Archer Armor
54:34 Chemistry
60:45 Iron Casting
60:10 Scale Mail Armor
60:16 Scale Barding Armor
61:02 Elite Battle Elephant
63:41 Chain Mail Armor
63:47 Chain Barding Armor
twitch@KSroido
10:47 Feudal Age
12:24 Town Watch
15:48 Castle Age
13:40 Double-Bit Axe
16:55 Town Patrol
17:34 Wheelbarrow
17:49 Padded Archer Armor
17:44 Fletching
18:34 Loom
19:09 Bow Saw
22:30 Bow Saw
23:41 Gold Mining
25:22 Bodkin Arrow
25:43 Leather Archer Armor
24:55 Pikeman
25:38 Squires
26:56 Scale Mail Armor
26:46 Gambesons
29:50 Husbandry
30:08 Ordonnance Companies
31:06 Stone Mining
32:34 Hand Cart
36:04 Imperial Age
34:16 Treadmill Crane
34:46 Town Patrol
39:06 Gold Shaft Mining
39:13 Heavy Mounted Crossbowman
39:15 Cranequins
41:03 Chemistry
42:18 Ballistics
42:10 Masonry
42:07 Siege Engineers
42:13 Careening
42:04 Murder Holes
42:21 Fortified Wall
44:53 Architecture
48:11 Conscription
47:56 Chivalry
48:33 Hoardings
47:30 Elite Throwing Axeman
52:18 Chain Mail Armor
52:14 Forging
52:27 Caravan
55:33 Fervor
55:45 Sanctity
55:27 Devotion
56:05 Theocracy
57:02 Faith
57:55 Block Printing
63:14 Guard Tower
63:13 Arrowslits
AlfredtGreat354
11:11 Feudal Age
11:53 Double-Bit Axe
11:40 Man-at-Arms
14:16 Wheelbarrow
17:39 Horse Collar
20:12 Forging
20:03 Scale Mail Armor
19:57 Arson
28:22 Castle Age
26:18 Stone Mining
26:20 Gold Mining
29:26 Hand Cart
29:33 Long Swordsman
31:03 Stone Shaft Mining
31:04 Gold Shaft Mining
30:42 Bow Saw
30:34 Heavy Plow
32:31 Caravan
39:20 Imperial Age
41:08 Crop Rotation
41:53 Elite Ballista Elephant
42:54 Conscription
43:13 Hoardings
46:18 Heavy Scorpion
50:36 Double Crossbow
51:05 Crossbowman
51:41 Fletching
51:53 Padded Archer Armor
60:27 Onager
62:47 Fortified Wall
63:00 Ballistics
72:19 Arbalester
72:19 Elite Skirmisher
TheRoad24
11:33 Feudal Age
12:35 Double-Bit Axe
15:32 Wheelbarrow
15:50 Horse Collar
23:24 Castle Age
21:52 Gold Mining
23:48 Pikeman
23:51 Crossbowman
24:36 Thumb Ring
25:26 Bow Saw
25:32 Heavy Plow
27:59 Hand Cart
29:26 Squires
33:51 Padded Archer Armor
33:41 Fletching
34:17 Forging
34:08 Scale Mail Armor
38:38 Imperial Age
38:38 Bodkin Arrow
38:59 Leather Archer Armor
39:43 Drill
39:45 Conscription
41:38 Onager
43:31 Ballistics
44:12 Chemistry
43:08 Arbalester
44:45 Bracer
46:23 Siege Onager
48:21 Gold Shaft Mining
48:26 Fortified Wall
48:29 Masonry
66:00 Iron Casting
65:40 Chain Mail Armor
76:14 Loom
82:27 Man-at-Arms
gjaflaug
10:34 Feudal Age
12:09 Wheelbarrow
13:26 Man-at-Arms
16:15 Double-Bit Axe
19:25 Arson
21:31 Forging
21:22 Scale Mail Armor
30:39 Castle Age
29:42 Gold Mining
30:50 Pikeman
31:57 Pikeman
34:05 Bow Saw
38:40 Stone Mining
46:35 Iron Casting
46:16 Chain Mail Armor
60:07 Stone Shaft Mining
62:12 Imperial Age
64:17 Conscription
70:37 Blast Furnace
70:38 Heavy Scorpion
伐木王
0:55 Loom
12:27 Feudal Age
15:57 Double-Bit Axe
16:06 Gold Mining
15:59 Horse Collar
23:31 Castle Age
21:28 Stone Mining
22:44 Scale Mail Armor
22:54 Forging
25:07 Gold Shaft Mining
28:40 Treadmill Crane
29:12 Fortified Wall
29:23 Bow Saw
33:56 Imperial Age
32:10 Caravan
33:08 Wheelbarrow
33:09 Chain Mail Armor
33:30 Iron Casting
36:00 Two-Man Saw
36:27 Elite Hearth Troop
36:27 Shield Wall
39:21 Hand Cart
39:38 Conscription
39:56 Plate Mail Armor
43:49 Heavy Scorpion
51:17 Arson
51:32 Squires
67:18 Capped Ram
68:51 Siege Ram
Connection lost

Rejoining the realm…

Still unreachable

The connection could not be restored.

Session expired

The server has moved on; the page needs a fresh start.